 Dungeon Crawl Stone Soup version 0.20-a0-256-gabb291d (webtiles) character file.

401 FitzyFitz the Skirmisher (level 7, 0/56 HPs)
             Began as a Human Warper on Dec 1, 2016.
             Slain by an orc (2 damage)
             ... on level 7 of the Dungeon.
             The game lasted 00:12:34 (4291 turns).

FitzyFitz the Skirmisher (Human Warper)             Turns: 4291, Time: 00:12:34

Health: 0/56       AC:  4    Str: 11    XL:     7   Next: 11%
Magic:  11/11      EV: 12    Int: 16    God:
Gold:   245        SH:  2    Dex: 12    Spells: 4/11 levels left

rFire  . . .     SeeInvis .     a - +0 falchion
rCold  . . .     Gourm    .     b - +1 leather armour
rNeg   . . .     Faith    .     (no shield)
rPois  .         Spirit   .     (no helmet)
rElec  .         Reflect  +     (no cloak)
rCorr  .         Harm     .     (no gloves)
MR     .....                    (no boots)
Stlth  +.........               g - +2 amulet of reflection
                                (no ring)
                                (no ring)

@: no status effects
A: no striking features
a: no special abilities


You were on level 7 of the Dungeon.
You were hungry.

You visited 1 branch of the dungeon, and saw 6 of its levels.

You collected 245 gold pieces.

Inventory:

Hand Weapons
 a - a +0 falchion (weapon)
 h - a +0 spear
 t - a +0 hunting sling
Missiles
 m - 74 arrows
 n - 103 stones (quivered)
 s - 13 bolts
 y - 24 sling bullets
Armour
 b - a +1 leather armour (worn)
Jewellery
 g - a +2 amulet of reflection (around neck)
Scrolls
 d - a scroll of blinking
 u - a scroll of recharging
 x - a scroll of remove curse {unknown}
 z - a scroll of magic mapping {unknown}
Potions
 w - a potion of flight
Books
 c - a book of Spatial Translocations

   Spells                             Type                      Level
   a - Blink                          Translocation                2
   b - Shroud of Golubria             Charms/Translocation         2
   c - Lesser Beckoning               Translocation                3
   d - Portal Projectile              Translocation                3
   e - Teleport Other                 Translocation                3
   f - Passage of Golubria            Translocation                4
Comestibles
 f - 3 bread rations
 k - a meat ration
 o - a royal jelly
 B - 2 beef jerkies


   Skills:
 + Level 5.6 Fighting
 - Level 2.0 Long Blades
 - Level 1.0 Throwing
 - Level 1.0 Armour
 - Level 2.0 Dodging
 - Level 2.6 Spellcasting
 + Level 2.0 Charms
 + Level 4.2 Translocations


You had 4 spell levels left.
You knew the following spells:

 Your Spells              Type           Power        Failure   Level  Hunger
a - Blink                 Tloc           N/A          10%         2    ##.....
b - Shroud of Golubria    Chrm/Tloc      ##........   12%         2    ##.....
c - Lesser Beckoning      Tloc           ###.......   17%         3    ###....


Dungeon Overview and Level Annotations

Branches:
Dungeon (8/15)
 Temple: D:4-7         Lair: D:8-11

Altars:
Gozag
Makhleb
Okawaru
Xom
Yredelemnul


Message History

The orc hits you but does no damage.
You barely miss the orc.
The orc is lightly wounded.
The orc closely misses you.
You riposte.
You hit the orc but do no damage.
The orc is lightly wounded.
You block the orc's attack.
You hit the orc.
The orc is moderately wounded.
The orc misses you.
You hit the orc but do no damage.
The orc is moderately wounded.
The orc hits you but does no damage.
You closely miss the orc.
The orc is moderately wounded.
The orc hits you.
* * * LOW HITPOINT WARNING * * *
You closely miss the orc.
The orc is moderately wounded.
The orc hits you.
You die...

#.##### . ..
#.#...# #.....#
###...# ##.## #.#
### ####.###.##
###
#.......#.####$..#
#.##.#......@oo#
#.##.##...####J..#
#.##.....## ..(..
#.#####.## ##(.
#.#####.# .
#......>#
#########


You could see a jelly and 2 orcs.

Vanquished Creatures
  A water moccasin (D:3)
  Jessica (D:3)
  An orc wizard (D:7)
  2 iguanas (D:8)
  6 adders
  3 gnolls (D:1)
  An adder (shapeshifter) (D:7)
  5 worms
  3 dart slugs
  A leopard gecko (shapeshifter) (D:7)
  3 orcs
  10 bats
  3 giant cockroaches
  7 goblins
  7 hobgoblins
  3 jackals (D:2)
  A frilled lizard (D:3)
  10 kobolds
  9 rats
77 creatures vanquished.

Notes
Turn   | Place    | Note
-------+----------+-------------------------------------------
     0 | D:1      | FitzyFitz the Human Warper began the quest for the Orb.
     0 | D:1      | Reached XP level 1. HP: 16/16 MP: 3/3
   499 | D:1      | Reached XP level 2. HP: 21/22 MP: 3/5
   770 | D:1      | Learned a level 2 spell: Blink
   773 | D:1      | Learned a level 2 spell: Shroud of Golubria
  1083 | D:2      | Reached XP level 3. HP: 10/28 MP: 7/7
  1553 | D:2      | Reached skill level 3 in Fighting
  1738 | D:2      | Reached XP level 4. HP: 35/35 MP: 8/8
  2304 | D:1      | Reached skill level 4 in Fighting
  2370 | D:1      | Reached XP level 5. HP: 30/42 MP: 5/9
  2651 | D:2      | Learned a level 3 spell: Lesser Beckoning
  3108 | D:3      | Found a burning altar of Makhleb.
  3112 | D:3      | Found an iron altar of Okawaru.
  3117 | D:3      | Found a basalt altar of Yredelemnul.
  3151 | D:3      | Noticed Jessica
  3161 | D:3      | Killed Jessica
  3307 | D:3      | Reached skill level 5 in Fighting
  3373 | D:3      | Reached XP level 6. HP: 51/51 MP: 7/10
  3483 | D:3      | Noticed a water moccasin
  3518 | D:3      | Killed a water moccasin
  3518 | D:3      | Reached skill level 1 in Charms
  3774 | D:4      | You fall through a shaft for 3 floors!
  3774 | D:7      | Found a shimmering altar of Xom.
  3774 | D:7      | Found a shimmering altar of Xom.
  3774 | D:7      | Found a shimmering altar of Xom.
  3793 | D:7      | Noticed a phantom
  3876 | D:8      | Reached XP level 7. HP: 8/56 MP: 8/11
  4145 | D:7      | Found an opulent altar of Gozag.
  4290 | D:7      | HP: 2/56 [orc (3)]
  4291 | D:7      | Slain by an orc

Vault maps used:
D:1:      onia_arrival_pyramid
D:2:      first_bread
D:3:      minmay_overflow_temple_star_quad, kennysheep_flooded_box, uniq_jessica
D:7:      xom_shifter_show, grunt_livestock, nicolae_gozag_seed_capital
D:8:      grunt_ministairs_1

Skill      XL: |  1  2  3  4  5  6  7 |
---------------+----------------------+-----
Fighting       | 3 4 5 |  5.6
Charms         | 1 2 |  2.0
Translocations | 4 |  4.2
Long Blades    | |  2.0
Throwing       | |  1.0
Armour         | |  1.0
Dodging        | |  2.0
Spellcasting   | |  2.6

Action                   |  1- 3 |  4- 6 |  7- 9 || total
-------------------------+-------+-------+-------++-------
Melee: Falchion          |    91 |   233 |    56 ||   380
 Fire: Hunting sling     |       |     4 |       ||     4
Throw: Tomahawk          |     8 |    10 |     3 ||    21
       Javelin           |       |       |     7 ||     7
 Cast: Shroud of Golubri |       |    15 |     3 ||    18
  Use: Potion            |       |     7 |     1 ||     8
       Scroll            |       |     6 |     1 ||     7
  Eat: Chunk             |     3 |     6 |       ||     9
       Pizza             |       |     2 |       ||     2
Armor: Leather armour    |    21 |    33 |     8 ||    62
       Skin              |       |    34 |    22 ||    56
Dodge: Dodged            |    82 |   150 |    16 ||   248
Block: Other             |       |       |     6 ||     6
       Rpst.: Falchion   |    25 |    45 |     6 ||    76
